AoeStats
← rtbold

Arena

508794583Analyzed
2v2 RM · 9d ago on Sep 24, 2026· 45m 37s· 4 players
Game mode
Random Map
Map size
Medium (4 player)
Population
200
Speed
Normal
Resources
Standard
Victory
Conquest
Starting age
Dark Age
Ending age
Imperial Age
RankedLock teamsTeams togetherTeam positionsShared explorationLock speedFull tech treeHidden civsTurbo modeCheats
Victory
Defeat
🇦🇷 Goths · Argentina
1228
+14
🇨🇴 Khmer · Colombia
1129
+18
🇺🇸 Byzantines · United States
1200
-17
🇺🇸 Maya · United States
1147
-15
rtbold
11:33 Feudal Age
13:12 Double-Bit Axe
13:14 Horse Collar
15:52 Castle Age
14:37 Fletching
16:46 Bodkin Arrow
24:54 Wheelbarrow
24:35 Town Watch
31:09 Imperial Age
30:24 Bow Saw
31:55 Ballistics
32:07 Bracer
32:19 Thumb Ring
33:04 Gold Mining
33:36 Padded Archer Armor
35:24 Chemistry
33:53 Elite Plumed Archer
35:22 Fortified Wall
35:51 Conscription
36:50 Leather Archer Armor
38:54 Holcans
38:27 Squires
38:58 Ring Archer Armor
38:29 Scale Mail Armor
38:40 Forging
39:43 Eagle Warrior
40:39 Chain Mail Armor
40:22 Elite Eagle Warrior
44:09 Plate Mail Armor
44:15 Iron Casting
demoror
11:36 Feudal Age
12:43 Horse Collar
15:12 Castle Age
19:01 Double-Bit Axe
21:31 Loom
22:28 Wheelbarrow
27:36 Scale Barding Armor
31:33 Imperial Age
29:21 Hand Cart
30:18 Forging
32:40 Chain Barding Armor
32:25 Husbandry
33:12 Conscription
33:19 Bow Saw
33:55 Elite Cataphract
36:24 Hoardings
36:48 Caravan
36:27 Capped Ram
39:28 Siege Ram
41:32 Iron Casting
44:06 Chemistry
43:09 Siege Ram
43:29 Man-at-Arms
44:10 Squires
43:56 Gambesons
CFGallardo
10:00 Feudal Age
12:56 Castle Age
10:48 Double-Bit Axe
11:37 Horse Collar
14:08 Heavy Plow
20:19 Light Cavalry
24:12 Gold Mining
25:40 Wheelbarrow
24:55 Loom
27:48 Imperial Age
25:54 Stone Mining
26:40 Gold Shaft Mining
27:00 Bloodlines
27:11 Scale Mail Armor
27:22 Forging
28:12 Chain Mail Armor
27:21 Pikeman
28:02 Halberdier
28:21 Heavy Scorpion
30:07 Iron Casting
31:18 Conscription
31:09 Hussar
35:12 Blast Furnace
34:17 Double Crossbow
35:53 Chemistry
35:15 Ballistics
37:06 Scale Barding Armor
38:31 Husbandry
39:30 Siege Engineers
43:00 Fortified Wall
43:27 Chain Barding Armor
44:49 Masonry
Taiwan No.1
2:23 Loom
11:34 Feudal Age
13:03 Double-Bit Axe
15:36 Castle Age
15:27 Scale Mail Armor
15:38 Forging
16:10 Horse Collar
17:11 Bow Saw
17:54 Heavy Plow
18:48 Wheelbarrow
23:16 Chain Mail Armor
24:49 Iron Casting
26:26 Hand Cart
29:41 Gold Mining
34:45 Imperial Age
35:22 Elite Huskarl
39:16 Blast Furnace
37:54 Heavy Scorpion
39:47 Conscription
40:42 Chemistry
41:48 Perfusion
41:52 Anarchy
42:37 Squires
43:45 Two-Man Saw
43:16 Crop Rotation
42:14 Pikeman
43:19 Halberdier
Connection lost

Rejoining the realm…

Still unreachable

The connection could not be restored.

Session expired

The server has moved on; the page needs a fresh start.